 Dungeon Crawl Stone Soup version 0.30-a0-986-g7f2e898f52 (webtiles) character file.

Game seed: 10801552792515511432

377 mopl the Shooter (level 6, 0/38 HPs)
             Began as an Octopode Hexslinger on Apr 1, 2023.
             Slain by a scorpion (4 damage)
             ... on level 5 of the Dungeon.
             The game lasted 00:04:15 (3705 turns).

mopl the Shooter (Octopode Hexslinger)              Turns: 3705, Time: 00:04:16

Health: 0/38       AC:  1    Str:  9    XL:     6   Next: 73%
Magic:  10/10      EV: 13    Int: 15    God:
Gold:   150        SH:  0    Dex: 15    Spells: 0/11 levels left

rFire   + . .      SeeInvis .    g - +0 longbow
rCold   . . .      Faith    .    (shield currently unavailable)
rNeg    + . .      Spirit   .    (helmet restricted)
rPois   .          Reflect  .    (no amulet)
rElec   .          Rampage  .    j - ring of protection from fire
rCorr   .                        c - ring of positive energy
Will    .....                    s - ring of wizardry
Stlth   ++                       (no ring)
HPRegen 0.26/turn                (no ring)
MPRegen 0.12/turn                (no ring)
                                 (no ring)
                                 (no ring)

@: lethally poisoned (0 -> -18)
A: almost no armour, amphibious, 8 rings, camouflage 1, gelatinous body 1,
(nimble swimmer 1), tentacles
a: no special abilities


You were on level 5 of the Dungeon.
You visited 1 branch of the dungeon, and saw 5 of its levels.

You collected 150 gold pieces.

Inventory:

Hand Weapons
 a - a +1 sling
 g - a +0 longbow (weapon)
Missiles
 o - 3 throwing nets
 A - 2 poisoned darts
Jewellery
 c - a ring of positive energy (right tentacle)
 j - a ring of protection from fire (left tentacle)
 s - a ring of wizardry (on tentacle)
 x - a ring of ice
Wands
 v - a wand of flame (42)
 y - a wand of iceblast (9)
Scrolls
 b - 3 scrolls of poison
 f - 2 scrolls of vulnerability {unknown}
 m - 3 scrolls of immolation {unknown}
 q - a scroll of brand weapon {unknown}
 t - a scroll of fear {unknown}
 z - a scroll of teleportation {unknown}
 B - a scroll of noise {unknown}
Potions
 d - 2 potions of might
 e - 3 potions of heal wounds
 h - 3 potions of brilliance {unknown}
 i - 2 potions of invisibility
 k - 3 potions of attraction {unknown}
 l - 3 potions of lignification {unknown}
 n - a potion of mutation {!q}
 p - 3 potions of haste
 r - 3 potions of curing {unknown}
 u - a potion of resistance
 w - a potion of magic


   Skills:
 - Level 1.0 Fighting
 * Level 5.1 Ranged Weapons
 - Level 2.0 Dodging
 - Level 3.0 Spellcasting
 + Level 4.4 Hexes


You couldn't memorise any spells.
You knew the following spells:

 Your Spells              Type           Power      Damage    Failure   Level
a - Slow                  Hex            60%        N/A       1%          1
b - Portal Projectile     Hex/Tloc       16%        N/A       10%         3
f - Cause Fear            Hex            7%         N/A       13%         4
h - Inner Flame           Hex/Fire       8%         N/A       10%         3

Your spell library contained the following spells:

 Spells                   Type           Power      Damage    Failure   Level
 Discord                  Hex            7%         N/A       100%        8


Dungeon Overview and Level Annotations

Branches:
Dungeon (5/15)
 Temple: D:4-7

Altars:
Ashenzari
Makhleb
Trog
Uskayaw

Annotations:
D:4 3 runed translucent doors, nidavellir's ghost, amateur MiFi


Innate Abilities, Weirdness & Mutations

You cannot wear most types of armour.
You are amphibious.
You can wear up to eight rings at the same time.
Your skin changes colour to match your surroundings (Stealth+).
Your rubbery body absorbs attacks. (AC +1, EV +1)
((You are camouflaged when in or above water. (Stealth+)))
You have tentacles for arms and can constrict up to eight enemies at once.


Message History

You shoot an arrow. The arrow barely misses the hound.
The hound bites you. The hound bites you but does no damage.
You shoot an arrow. The arrow hits the hound!
You kill the hound!
No target in view!
No target in view!
p - 3 potions of haste (gained 1)
A scorpion comes into view.
You shoot an arrow. The arrow hits the scorpion!
The scorpion is heavily wounded.
You hear a shout!
An orc comes into view. It is wielding a +0 club.
You shoot an arrow. The arrow closely misses the scorpion.
The arrow hits the orc.
The orc is severely wounded.
You shoot an arrow. The arrow barely misses the scorpion.
The scorpion stings you.
You shoot an arrow. The arrow barely misses the scorpion.
The scorpion barely misses you.
You shoot an arrow. The arrow closely misses the scorpion.
The scorpion stings you. x2
You are poisoned.
The scorpion poisons you!
You shoot an arrow. The arrow hits the scorpion!
The scorpion is almost dead.
You feel very sick. The scorpion stings you. The scorpion stings you!
* * * LOW HITPOINT WARNING * * *
You are more poisoned.
The scorpion poisons you!
Okay, then.
Unknown command.
Fire: g) +0 longbow
Press: ? - help, Q - select action, (/) - cycle Shift-Dir - straight line, f/p - scorpion
Aim: a scorpion (almost dead, 57% to hit)
You shoot an arrow. The arrow closely misses the scorpion.
* * * LOW HITPOINT WARNING * * *
You feel very sick. The scorpion stings you.
You die...

#
####.......##
#.........#
##.......##
##.....##
##...## ##.##
#.# #.# ##
#@# # #.
.....os...#
.#.
##.####...#
#.# ###.#
##.# .# ...#
.# ##.# # #.#
#.#


You could see a scorpion and an orc.

Vanquished Creatures
  A phantom (D:5)
  2 jellies
  A hound (D:5)
  An iguana (D:4)
  5 gnolls
  4 adders
  2 ufetubi
  A worm (D:3)
  2 dart slugs
  2 orcs (D:3)
  6 bats
  9 endoplasms
  A giant cockroach (D:1)
  9 goblins
  7 hobgoblins
  7 jackals
  5 kobolds
  7 quokkas
  3 ball pythons (D:1)
  6 frilled lizards
  3 rats
84 creatures vanquished.

Notes
Turn   | Place    | Note
-------+----------+-------------------------------------------
     0 | D:1      | mopl the Octopode Hexslinger began the quest for the Orb.
     0 | D:1      | Reached XP level 1. HP: 13/13 MP: 2/2
   111 | D:1      | Reached XP level 2. HP: 9/18 MP: 1/3
   554 | D:1      | Reached XP level 3. HP: 20/23 MP: 5/5
   614 | D:1      | Reached skill level 3 in Ranged Weapons
   971 | D:2      | Reached XP level 4. HP: 27/28 MP: 6/6
  1017 | D:2      | Reached skill level 2 in Spellcasting
  1086 | D:2      | Learned a level 3 spell: Inner Flame
  1090 | D:2      | Learned a level 3 spell: Portal Projectile
  1692 | D:2      | Reached XP level 5. HP: 33/33 MP: 8/8
  2278 | D:3      | Reached skill level 4 in Ranged Weapons
  2310 | D:3      | Found a burning altar of Makhleb.
  2703 | D:4      | Reached skill level 4 in Hexes
  2757 | D:4      | Identified the +3 plate armour "Nanaujak" {rElec}
  2880 | D:4      | Found a runed translucent gate.
  2880 | D:4      | Found a runed translucent gate.
  2880 | D:4      | Found a runed translucent gate.
  2886 | D:4      | Noticed nidavellir's ghost (amateur MiFi)
  2886 | D:4      | Identified the +1 plate armour of the Intense God {Rampage
                  | rElec MP-9 Dex-2}
  2886 | D:4      | Noticed an orc warrior
  3219 | D:5      | Entered Level 5 of the Dungeon
  3276 | D:5      | Found a hide-covered altar of Uskayaw.
  3277 | D:5      | Found a broken altar of Ashenzari.
  3328 | D:5      | Found a bloodstained altar of Trog.
  3398 | D:5      | Noticed a phantom
  3406 | D:5      | Killed a phantom
  3407 | D:5      | Reached XP level 6. HP: 30/38 MP: 8/10
  3588 | D:5      | Reached skill level 3 in Spellcasting
  3680 | D:5      | Learned a level 4 spell: Cause Fear
  3683 | D:5      | Reached skill level 5 in Ranged Weapons
  3705 | D:5      | Slain by a scorpion

Illustrated notes

Levels and vault maps discovered:
D:1:      dpeg_arrival_three_smaller_balls, layout_basic
D:2:      layout_loops_corners, chequers_serial_rivers_micro_e,
          nicolae_elevator_lobby_plus
D:3:      layout_basic, mainiacjoe_overflow_catwalk
D:4:      layout_basic, biasface_ghost_orc_armoury, minmay_misc_feat_enclosed
D:5:      layout_loops_ring, mainiacjoe_overflow_alcove_2,
          chequers_temple_overflow_statue_of_worship

Skill      XL: |  1  2  3  4  5  6 |
---------------+-------------------+-----
Ranged Weapons | 3 4 5 |  5.1
Spellcasting   | 2 3 |  3.0
Hexes          | 4 |  4.4
Fighting       | |  1.0
Dodging        | |  2.0

Action                     |  1- 3 |  4- 6 || total
---------------------------+-------+-------++-------
   Fire: Sling             |    35 |       ||    35
         Longbow           |    51 |   128 ||   179
   Cast: Slow              |     1 |     3 ||     4
    Use: Scroll            |       |     8 ||     8
 Armour: Skin              |     5 |     7 ||    12
  Dodge: Dodged            |    35 |    32 ||    67

Table legend: (Time is in decaauts)
 A = Elapsed time spent in this place.
 B = Non-inter-level travel time spent in this place.
 C = Inter-level travel time spent in this place.
 D = Time resting spent in this place.
 E = Time spent auto-exploring this place.
 F = Levels seen in this place.
 G = Mean time per level.
                   A        B        C        D        E       F      G
               +--------+--------+--------+--------+--------+-----+--------+
         Total |   3785 |   3657 |    128 |    184 |   2981 |   5 |  757.0 |
       Dungeon |   3785 |   3657 |    128 |    184 |   2981 |   5 |  757.0 |
               +--------+--------+--------+--------+--------+-----+--------+

Top non-repeatable levels by time:
     D:2: 986 daAuts
     D:1: 811 daAuts
     D:4: 745 daAuts
     D:3: 744 daAuts
     D:5: 498 daAuts
